 Dungeon Crawl Stone Soup version 0.20.1-1-g8b1a95d (webtiles) character file.

172 Irenicus the Slasher (level 5, -7/36 HPs)
             Began as an Octopode Chaos Knight on Oct 13, 2017.
             Mangled by a hellwing (11 damage)
             ... summoned by Xom
             ... on level 4 of the Dungeon.
             The game lasted 00:03:39 (2152 turns).

Irenicus the Slasher (Octopode Chaos Knight)        Turns: 2152, Time: 00:03:39

Health: -7/36      AC:  1    Str: 11    XL:     5   Next: 53%
Magic:  5/5        EV: 13    Int: 14    God:    Xom [......]
Gold:   284        SH:  0    Dex: 13    Spells: 4/4 levels left

rFire    . . .     SeeInvis .   a - +0 falchion (chaos)
rCold    . . .     Gourm    .   (no shield)
rNeg     . . .     Faith    .   (helmet restricted)
rPois    .         Spirit   .   (no amulet)
rElec    .         Reflect  .   (no ring)
rCorr    .         Harm     .   (no ring)
MR       .....                  (no ring)
Stlth    ++........             (no ring)
Regen    0.2/turn               (no ring)
MPRegen  0.1/turn               (no ring)
                                (no ring)
                                (no ring)

@: no status effects
A: almost no armour, stealthy swim, amphibious, 8 rings, constrict 8, camouflage
1, gelatinous body 1
a: Renounce Religion


You were on level 4 of the Dungeon.
You worshipped Xom.
You were a very special plaything of Xom.
You were not hungry.

You visited 1 branch of the dungeon, and saw 4 of its levels.

You collected 284 gold pieces.

Inventory:

Hand Weapons
 a - a +0 falchion of chaos (weapon)
Scrolls
 c - 5 scrolls of identify {unknown}
 h - 3 scrolls of teleportation {unknown}
 k - a scroll of enchant weapon {unknown}
 n - a scroll of magic mapping {unknown}
Potions
 d - a potion of lignification {unknown}
 e - 2 potions of curing {unknown}
 g - a potion of might {unknown}
 i - a potion of berserk rage {unknown}
 j - a potion of resistance {unknown}
Comestibles
 b - 2 bread rations
 f - 3 royal jellies
 l - 2 meat rations


   Skills:
 - Level 3.0 Fighting
 + Level 6.0 Long Blades
 - Level 2.3 Dodging


You had 4 spell levels left.
You didn't know any spells.

Dungeon Overview and Level Annotations

Branches:
Dungeon (4/15)             Temple (0/1) D:4

Altars:
Ashenzari
Gozag
Xom


Innate Abilities, Weirdness & Mutations

You cannot wear most types of armour.
You are very stealthy in the water. (Stealth+)
You are amphibious.
You can wear up to eight rings at the same time.
You can use your tentacles to constrict eight enemies at once.
Your skin changes colour to match your surroundings (Stealth+).
Your rubbery body absorbs attacks. (AC +1, EV +1)


Message History

"Time to have some fun!"
The white imp completely misses you.
The phantom blinks!
The white imp barely misses you.
Xom's power touches on a nearby monster.
The white imp evaporates and reforms as a crimson imp!
The hellwing swoops through the air toward you!
The hellwing barely misses you.
You riposte.
You closely miss the hellwing. You squeeze the hellwing.
The hellwing is lightly wounded.
The hellwing hits you.
* * * LOW HITPOINT WARNING * * *
The crimson imp misses you.
You riposte.
You hit the crimson imp.
The crimson imp bobs in the air for a moment.
Your grab misses the crimson imp.
The crimson imp is moderately wounded.
You barely miss the hellwing. Your squeeze misses the hellwing.
The hellwing is lightly wounded.
The hellwing hits you!
You die...
Xom howls with laughter!

#.##.........##..........# #..
#.#......................# #.P
#.................^......# ##..
####.###....[####.#.....######...
#.....#.....####.####....>..#...
##.#.###..........# ##.##.......
##.._..#..........# #....###...
.###.#.#.........4### ###### ####
.#.....#....#..W@...###
####.###....#...5##...#
................####..#
...........####.# ####
...........# #.# .#........## #.#
.#.#.....## #.# #### .#.#######
#.####....# ##<# #....†....#


You could see a hellwing, a phantom and a crimson imp.

Vanquished Creatures
  A hound (D:4)
  A centaur skeleton (D:4)
  An orc wizard (D:4)
  2 adders
  An ooze (D:1)
  2 worms
  A dart slug (D:2)
  3 leopard geckos
  5 orcs (D:4)
  4 giant cockroaches
  3 hobgoblins
  7 kobolds
  A quokka (D:2)
  2 ball pythons
  9 bats
  4 frilled lizards
  4 goblins
  A quokka skeleton (D:4)
  8 rats
60 creatures vanquished.

Notes
Turn   | Place    | Note
-------+----------+-------------------------------------------
     0 | D:1      | Irenicus the Octopode Chaos Knight began the quest for the Orb.
     0 | D:1      | Reached XP level 1. HP: 16/16 MP: 1/1
   113 | D:1      | Reached XP level 2. HP: 14/21 MP: 2/2
   432 | D:1      | Reached skill level 4 in Long Blades
   439 | D:1      | XOM: silly message
   506 | D:2      | Reached XP level 3. HP: 12/26 MP: 3/3
   602 | D:2      | XOM: divination: detect creatures
   623 | D:2      | XOM: silly message
   682 | D:2      | Found a shimmering altar of Xom.
   693 | D:2      | XOM: divination: detect items
  1012 | D:3      | Reached XP level 4. HP: 31/31 MP: 4/4
  1096 | D:3      | Found a shattered altar of Ashenzari.
  1601 | D:3      | XOM: divination: magic mapping
  1723 | D:3      | Reached skill level 5 in Long Blades
  1924 | D:4      | XOM: harmless Air miscast
  1944 | D:4      | XOM: harmless Conj miscast
  2000 | D:4      | Found a staircase to the Ecumenical Temple.
  2048 | D:4      | Found an opulent altar of Gozag.
  2056 | D:4      | Reached XP level 5. HP: 15/36 MP: 5/5
  2138 | D:4      | Noticed a phantom
  2141 | D:4      | Reached skill level 6 in Long Blades
  2148 | D:4      | XOM: summons 2 hostile demons
  2149 | D:4      | Noticed a hellwing
  2151 | D:4      | XOM: polymorph white imp -> crimson imp
  2152 | D:4      | Mangled by a hellwing

Skill      XL: |  1  2  3  4  5 |
---------------+----------------+-----
Long Blades    | 4 5 6 |  6.0
Fighting       | |  3.0
Dodging        | |  2.3

Action                   |  1- 3 |  4- 6 || total
-------------------------+-------+-------++-------
Melee: Falchion          |    67 |    37 ||   104
       Constrict         |    22 |    10 ||    32
       Tentacles         |    12 |    13 ||    25
 Stab: Sleeping          |     8 |     3 ||    11
  Eat: Chunk             |       |     4 ||     4
Armor: Skin              |    10 |     3 ||    13
Dodge: Dodged            |    59 |    26 ||    85
       Rpst.: Falchion   |    14 |    12 ||    26
